 Dungeon Crawl Stone Soup version 0.28.0-47-ge53b351184 (webtiles) character file.

Game seed: 1610103313726747522

88 Bruhh the Ducker (level 4, 0/41 HPs)
             Began as a Gnoll Monk on May 2, 2022.
             Was an Initiate of Yredelemnul.
             Succumbed to a water moccasin's poison
             ... on level 3 of the Dungeon.
             The game lasted 00:03:44 (1758 turns).

Bruhh the Ducker (Gnoll Monk)                       Turns: 1758, Time: 00:03:44

Health: 0/41       AC:  4    Str: 10    XL:     4   Next: 53%
Magic:  5/5        EV: 15    Int:  9    God:    Yredelemnul [......]
Gold:   84         SH:  0    Dex: 17    Spells: 5/5 levels left

rFire   . . .      SeeInvis .   a - +0 spear
rCold   . . .      Faith    .   (no shield)
rNeg    . . .      Spirit   .   b - +0 robe
rPois   .          Reflect  .   (no helmet)
rElec   .          Harm     .   g - +1 cloak {Will+}
rCorr   .          Rampage  .   (no gloves)
Will    +....                   (no boots)
Stlth   +++.......              (no amulet)
HPRegen 0.13/turn               (no ring)
MPRegen 0.09/turn               (no ring)

@: lethally poisoned (0 -> -12)
A: fangs 1, strong nose, distributed training
a: Renounce Religion, Recall Undead Harvest


You were on level 3 of the Dungeon.
You worshipped Yredelemnul.
Yredelemnul was noncommittal.
You visited 1 branch of the dungeon, and saw 3 of its levels.

You collected 84 gold pieces.

Inventory:

Hand Weapons
 a - a +0 spear (weapon)
Armour
 b - a +0 robe (worn)
 g - a +1 cloak of willpower (worn)
Scrolls
 c - a scroll of brand weapon {unknown}
 d - a scroll of noise {unknown}
 h - a scroll of identify {unknown}


   Skills:
 + Level 6.6 Fighting
 + Level 1.2 Short Blades
 + Level 1.2 Long Blades
 + Level 1.2 Axes
 + Level 1.2 Maces & Flails
 + Level 6.6 Polearms
 + Level 1.2 Staves
 + Level 1.2 Slings
 + Level 1.2 Bows
 + Level 1.2 Crossbows
 + Level 1.2 Throwing
 + Level 1.2 Armour
 + Level 6.6 Dodging
 + Level 4.3 Stealth
 + Level 1.2 Shields
 + Level 1.2 Unarmed Combat
 + Level 1.2 Spellcasting
 + Level 1.0 Conjurations
 + Level 1.0 Hexes
 + Level 1.0 Summonings
 + Level 1.0 Necromancy
 + Level 1.0 Translocations
 + Level 1.0 Transmutations
 + Level 1.0 Fire Magic
 + Level 1.0 Ice Magic
 + Level 1.0 Air Magic
 + Level 1.0 Earth Magic
 + Level 1.0 Poison Magic
 + Level 1.3 Invocations
 + Level 1.2 Evocations


You had 5 spell levels left.
You didn't know any spells.
Your spell library contained the following spells:

 Spells                   Type           Power      Damage    Failure   Level
 Pain                     Necr           8%         1d4       24%         1
 Corpse Rot               Necr/Air       4%         N/A       36%         2
 Poisonous Vapours        Pois/Air       4%         N/A       36%         2
 Sublimation of Blood     Necr           2%         N/A       36%         2
 Wereblood                Tmut           2%         N/A       36%         2
 Agony                    Necr           2%         N/A       100%        5
 Excruciating Wounds      Necr           1%         N/A       100%        5
 Summon Hydra             Summ           1%         N/A       100%        7


Dungeon Overview and Level Annotations

Branches:
Dungeon (3/15)

Altars:
Yredelemnul

Annotations:
D:3 Sigmund


Innate Abilities, Weirdness & Mutations

You have very sharp teeth.
Your uncanny sense of smell can sniff out nearby items.
Your experience applies equally to all skills.


Message History

The water moccasin is severely wounded.
You feel sick. The water moccasin bites you.
* * * LOW HITPOINT WARNING * * *
You hit the water moccasin.
The water moccasin is severely wounded.
You feel sick. The water moccasin bites you.
* * * LOW HITPOINT WARNING * * *
You hit the water moccasin.
The water moccasin is severely wounded.
You feel sick. The water moccasin misses you.
You closely miss the water moccasin.
The water moccasin is severely wounded.
The water moccasin completely misses you.
You hit the water moccasin.
You bite the water moccasin, but do no damage.
The water moccasin is almost dead.
You feel sick. The water moccasin misses you.
A frilled lizard comes into view.
You hit the water moccasin.
The water moccasin is almost dead.
You feel sick.
You are no longer poisoned.
The water moccasin closely misses you.
You closely miss the water moccasin.
The water moccasin is almost dead.
The water moccasin bites you but does no damage.
You hit the water moccasin.
The water moccasin is almost dead.
The water moccasin barely misses you.
You barely miss the water moccasin.
The water moccasin is almost dead.
The water moccasin bites you.
* * * LOW HITPOINT WARNING * * *
You are lethally poisoned!
The water moccasin poisons you!
The hobgoblin shouts!
You hit the water moccasin but do no damage.
The water moccasin is almost dead.
You die...
Your body rises from the dead as a mindless zombie.

..........# .......
...........# .......
........<..# .......
g.l...g....# .......
..............
.......
...............#
.....
.####...........
#.S#....[......l.?##
#.@# ##.........#
##.# #.......... #..
##.# .. ... #.. ###


You could see a water moccasin, a hobgoblin and a frilled lizard.

Vanquished Creatures
  An orc wizard (D:2)
  A gnoll (D:1)
  2 dart slugs (D:1)
  2 orcs (D:2)
  4 endoplasms (D:1)
  2 giant cockroaches (D:1)
  6 goblins (D:1)
  5 hobgoblins
  2 jackals (D:1)
  2 quokkas (D:1)
  6 ball pythons (D:1)
  3 bats
  2 frilled lizards
  2 kobolds (D:2)
  3 rats (D:1)
43 creatures vanquished.

Vanquished Creatures (others)
  An endoplasm (D:3)
  A frilled lizard zombie (D:2)
  A hobgoblin zombie (D:2)
3 creatures vanquished.

Grand Total: 46 creatures vanquished

Notes
Turn   | Place    | Note
-------+----------+-------------------------------------------
     0 | D:1      | Bruhh the Gnoll Monk began the quest for the Orb.
     0 | D:1      | Reached XP level 1. HP: 23/23 MP: 1/1
    95 | D:1      | Reached XP level 2. HP: 26/29 MP: 2/2
   179 | D:1      | Reached XP level 3. HP: 34/35 MP: 3/3
   434 | D:1      | Reached skill level 1 in Invocations
   788 | D:1      | Reached skill level 1 in Short Blades
   788 | D:1      | Reached skill level 1 in Long Blades
   788 | D:1      | Reached skill level 1 in Axes
   788 | D:1      | Reached skill level 1 in Maces & Flails
   788 | D:1      | Reached skill level 1 in Staves
   788 | D:1      | Reached skill level 1 in Slings
   788 | D:1      | Reached skill level 1 in Bows
   788 | D:1      | Reached skill level 1 in Crossbows
   788 | D:1      | Reached skill level 1 in Throwing
   788 | D:1      | Reached skill level 1 in Armour
   788 | D:1      | Reached skill level 1 in Shields
   788 | D:1      | Reached skill level 1 in Unarmed Combat
   788 | D:1      | Reached skill level 1 in Spellcasting
   788 | D:1      | Reached skill level 1 in Evocations
   869 | D:1      | Found a faded altar of an unknown god.
   942 | D:1      | Prayed at the altar of an unknown god.
   942 | D:1      | Became a worshipper of Yredelemnul the Dark
   942 | D:1      | Reached * piety under Yredelemnul
  1180 | D:2      | Reached XP level 4. HP: 17/41 MP: 5/5
  1601 | D:2      | Reached skill level 1 in Conjurations
  1601 | D:2      | Reached skill level 1 in Hexes
  1601 | D:2      | Reached skill level 1 in Summonings
  1601 | D:2      | Reached skill level 1 in Necromancy
  1601 | D:2      | Reached skill level 1 in Translocations
  1601 | D:2      | Reached skill level 1 in Transmutations
  1601 | D:2      | Reached skill level 1 in Fire Magic
  1601 | D:2      | Reached skill level 1 in Ice Magic
  1601 | D:2      | Reached skill level 1 in Air Magic
  1601 | D:2      | Reached skill level 1 in Earth Magic
  1601 | D:2      | Reached skill level 1 in Poison Magic
  1691 | D:3      | Noticed Sigmund
  1739 | D:3      | Noticed a water moccasin
  1758 | D:3      | Succumbed to a water moccasin's poison

Illustrated notes

Levels and vault maps discovered:
D:1:      dpeg_arrival_round_c, layout_loops_ring,
          hellmonk_ecumenical_altar_inner_sanctum, minmay_pentomino_r4
D:2:      layout_basic
D:3:      layout_rooms, serial_shops, shop, shop, uniq_sigmund

Skill      XL: |  1  2  3  4 |
---------------+-------------+-----
Invocations    | 1 |  1.3
Short Blades   | 1 |  1.2
Long Blades    | 1 |  1.2
Axes           | 1 |  1.2
Maces & Flails | 1 |  1.2
Staves         | 1 |  1.2
Slings         | 1 |  1.2
Bows           | 1 |  1.2
Crossbows      | 1 |  1.2
Throwing       | 1 |  1.2
Armour         | 1 |  1.2
Shields        | 1 |  1.2
Unarmed Combat | 1 |  1.2
Spellcasting   | 1 |  1.2
Evocations     | 1 |  1.2
Conjurations   | 1 |  1.0
Hexes          | 1 |  1.0
Summonings     | 1 |  1.0
Necromancy     | 1 |  1.0
Translocations | 1 |  1.0
Transmutations | 1 |  1.0
Fire Magic     | 1 |  1.0
Ice Magic      | 1 |  1.0
Air Magic      | 1 |  1.0
Earth Magic    | 1 |  1.0
Poison Magic   | 1 |  1.0
Fighting       | |  6.6
Polearms       | |  6.6
Dodging        | |  6.6
Stealth        | |  4.3

Action                   |  1- 3 |  4- 6 || total
-------------------------+-------+-------++-------
Melee: Spear             |   141 |    46 ||   187
       Bite              |     7 |     6 ||    13
       Punch             |     1 |       ||     1
Invok: Recall Undead Har |       |     1 ||     1
  Use: Potion            |       |     2 ||     2
 Stab: Sleeping          |    15 |     2 ||    17
Armor: Robe              |     5 |     6 ||    11
Dodge: Dodged            |    47 |    20 ||    67
